| TOP OF THE 1ST |
|
Ogden Raptors batting - Pitching for Kingsport Mets : LHP Pedro Botello
|
|
Pitching: LHP Pedro Botello
|
|
|
Batting: RHB Felipe Rivera
|
0-0: Ball 1-0: SINGLE (Groundball, 4MD, EV 100.0 MPH) (infield hit)
|
|
Batting: RHB Kekoa Kahele
|
0-0: Called Strike 0-1: Grounds into double play, 4-6-3 (Groundball, 4, EV 103.1 MPH)
|
|
Batting: RHB Jerry Sanchez
|
0-0: Called Strike 0-1: Swinging Strike 0-2: Ball 1-2: Foul Ball, location: 2F 1-2: Foul Ball, location: 2F 1-2: SOLO HOME RUN (Flyball, 78XD, EV 99.4 MPH), Distance : 411 ft
|
|
Batting: RHB David Watkins
|
0-0: Fly out, F8 (Line Drive, 8LM, EV 98.8 MPH)
|
| Top of the 1st over - 1 run, 2 hits, 0 errors, 0 left on base; Ogden 1 - Kingsport 0 |
| BOTTOM OF THE 1ST |
|
Kingsport Mets batting - Pitching for Ogden Raptors : RHP Guy Jerome
|
|
Pitching: RHP Guy Jerome
|
|
|
Batting: RHB Enrique Aguirre
|
0-0: SINGLE (Line Drive, 89S, EV 101.9 MPH)
|
|
Batting: RHB Sam Callahan
|
0-0: Foul Ball, location: 2F 0-1: SINGLE (Line Drive, 9LS, EV 93.8 MPH) Enrique Aguirre to second Runner from 2nd tries for 3rd, SAFE, throw by RF made to third
|
|
Batting: SHB Tyler Maddux
|
0-0: Called Strike 0-1: Ball 1-1: Fielders Choice at 2nd, 3-6 (Groundball, 3, EV 86.2 MPH) Enrique Aguirre scores
|
|
Batting: SHB Nick Daigle
|
0-0: Ball 1-0: Foul Ball, location: 2F 1-1: Called Strike Tyler Maddux is caught stealing 2nd base 2-6 1-2: Foul Ball, location: 2F 1-2: Fly out, F6 (Popup, 6MS, EV 87.5 MPH)
|
| Bottom of the 1st over - 1 run, 2 hits, 0 errors, 0 left on base; Ogden 1 - Kingsport 1 |
| TOP OF THE 2ND |
|
Ogden Raptors batting - Pitching for Kingsport Mets : LHP Pedro Botello
|
|
Batting: RHB Mike Kaczor
|
0-0: Called Strike 0-1: Ball 1-1: Ground out 6-3 (Groundball, 6, EV 109.4 MPH)
|
|
Batting: LHB Pedro Garza
|
0-0: Ball 1-0: Fly out, F8 (Flyball, 89M, EV 95.6 MPH)
|
|
Batting: SHB Guy Jerome
|
0-0: Ball 1-0: Called Strike 1-1: Ball 2-1: Ball 3-1: Base on Balls
|
|
Batting: SHB Jason Todd
|
0-0: Ball 1-0: Ball 2-0: 2-RUN HOME RUN (Flyball, 89XD, EV 106.9 MPH), Distance : 398 ft
|
|
Batting: RHB Alex Diaz
|
0-0: Ball 1-0: Swinging Strike 1-1: Foul Ball, location: 2F 1-2: Ball 2-2: Foul Ball, location: 2F 2-2: Strikes out looking
|
| Top of the 2nd over - 2 runs, 1 hit, 0 errors, 0 left on base; Ogden 3 - Kingsport 1 |
| BOTTOM OF THE 2ND |
|
Kingsport Mets batting - Pitching for Ogden Raptors : RHP Guy Jerome
|
|
Batting: RHB Bill Crogan
|
0-0: Ball 1-0: Called Strike 1-1: Foul Ball, location: 2F 1-2: Ball 2-2: Foul Ball, location: 2F 2-2: SOLO HOME RUN (Flyball, 7D, EV 99.4 MPH), Distance : 415 ft
|
|
Batting: SHB Keith Casner
|
0-0: Called Strike 0-1: Ball 1-1: Ground out 1-3 (Groundball, 34S, EV 70.6 MPH)
|
|
Batting: RHB Chris Artz
|
0-0: Ball 1-0: Ground out 6-3 (Groundball, 6, EV 104.4 MPH)
|
|
Batting: SHB Adonis Jones
|
0-0: Ball 1-0: Foul Ball, location: 2F 1-1: Ball 2-1: Foul Ball, location: 2F 2-2: Ball 3-2: Ground out 6-3 (Groundball, 6, EV 100.0 MPH)
|
| Bottom of the 2nd over - 1 run, 1 hit, 0 errors, 0 left on base; Ogden 3 - Kingsport 2 |
| TOP OF THE 3RD |
|
Ogden Raptors batting - Pitching for Kingsport Mets : LHP Pedro Botello
|
|
Batting: RHB Felipe Rivera
|
0-0: Ball 1-0: Swinging Strike 1-1: Ball 2-1: Called Strike 2-2: DOUBLE (Groundball, 5L, EV 105.6 MPH)
|
|
Batting: RHB Kekoa Kahele
|
0-0: Foul Ball, location: 2F 0-1: Called Strike 0-2: Ball 1-2: Ball 2-2: SINGLE (Groundball, 6MD, EV 104.4 MPH) Felipe Rivera to third Runner from 3rd tries for Home, SAFE, throw by CF to home
|
|
Batting: RHB Jerry Sanchez
|
0-0: Ball 1-0: Foul Ball, location: 2F 1-1: Swinging Strike 1-2: Foul Ball, location: 2F 1-2: Foul Ball, location: 2F 1-2: Ball Wild Pitch! Kekoa Kahele to second 2-2: Ball Wild Pitch! Kekoa Kahele to third 3-2: Fly out, F8 (Flyball, 8LD, EV 108.8 MPH) Runner from 3rd tags up, OUT at HOME! 8-2
|
|
Batting: RHB David Watkins
|
0-0: SOLO HOME RUN (Flyball, 7D, EV 97.5 MPH), Distance : 378 ft
|
|
Batting: RHB Mike Kaczor
|
0-0: Ball 1-0: Called Strike 1-1: Ball 2-1: Foul Ball, location: 2F 2-2: Ball 3-2: Base on Balls
|
|
Pitching: RHP Justin Williams
|
|
|
Batting: LHB Pedro Garza
|
0-0: Swinging Strike 0-1: Called Strike 0-2: Ball 1-2: Foul Ball, location: 2F 1-2: Strikes out swinging
|
| Top of the 3rd over - 2 runs, 3 hits, 0 errors, 1 left on base; Ogden 5 - Kingsport 2 |
| BOTTOM OF THE 3RD |
|
Kingsport Mets batting - Pitching for Ogden Raptors : RHP Guy Jerome
|
|
Batting: SHB Josh Thomson
|
0-0: Ball 1-0: Foul Ball, location: 2F 1-1: Ball 2-1: Foul Ball, location: 2F 2-2: Foul Ball, location: 2F 2-2: Ball 3-2: Ground out 4-3 (Groundball, 4, EV 81.9 MPH)
|
|
Batting: RHB Enrique Aguirre
|
0-0: Foul Ball, location: 2F 0-1: Ball 1-1: Swinging Strike 1-2: Ball 2-2: Strikes out swinging
|
|
Batting: RHB Sam Callahan
|
0-0: Swinging Strike 0-1: Swinging Strike 0-2: Strikes out swinging
|
| Bottom of the 3rd over - 0 runs, 0 hits, 0 errors, 0 left on base; Ogden 5 - Kingsport 2 |
| TOP OF THE 4TH |
|
Ogden Raptors batting - Pitching for Kingsport Mets : RHP Justin Williams
|
|
Batting: SHB Guy Jerome
|
0-0: Ball 1-0: Called Strike 1-1: Called Strike 1-2: Ball 2-2: Ball 3-2: Base on Balls
|
|
Batting: SHB Jason Todd
|
0-0: Ball Guy Jerome is caught stealing 2nd base 2-6 1-0: Fly out, F9 (Flyball, 89D, EV 93.1 MPH)
|
|
Batting: RHB Alex Diaz
|
0-0: Swinging Strike 0-1: Ball 1-1: Ground out 6-3 (Groundball, 6, EV 90.6 MPH)
|
| Top of the 4th over - 0 runs, 0 hits, 0 errors, 0 left on base; Ogden 5 - Kingsport 2 |
| BOTTOM OF THE 4TH |
|
Kingsport Mets batting - Pitching for Ogden Raptors : RHP Guy Jerome
|
|
Batting: SHB Tyler Maddux
|
0-0: Ball 1-0: Called Strike 1-1: Ball 2-1: Ball 3-1: Base on Balls
|
|
Batting: SHB Nick Daigle
|
0-0: Ball Wild Pitch! Tyler Maddux to second 1-0: Ball Tyler Maddux steals 3rd base (no throw) 2-0: Called Strike 2-1: Ball 3-1: Base on Balls
|
|
Batting: RHB Bill Crogan
|
0-0: Foul Ball, location: 2F 0-1: 3-RUN HOME RUN (Flyball, 7D, EV 96.9 MPH), Distance : 371 ft
|
|
Pitching: LHP Conor Bailey
|
|
|
Batting: SHB Keith Casner
|
0-0: Ball 1-0: Ball 2-0: Ball 3-0: Base on Balls
|
|
Batting: RHB Chris Artz
|
0-0: Swinging Strike 0-1: Ball 1-1: Ball 2-1: Foul Ball, location: 2F 2-2: Ball 3-2: Strikes out swinging
|
|
Batting: SHB Adonis Jones
|
0-0: Ball 1-0: 2-RUN HOME RUN (Flyball, 78XD, EV 113.8 MPH), Distance : 424 ft
|
|
Batting: SHB Josh Thomson
|
0-0: Called Strike 0-1: Ball 1-1: Fly out, F8 (Flyball, 8RM, EV 83.1 MPH)
|
|
Batting: RHB Enrique Aguirre
|
0-0: Foul Ball, location: 2F 0-1: Called Strike 0-2: Strikes out looking
|
| Bottom of the 4th over - 5 runs, 2 hits, 0 errors, 0 left on base; Ogden 5 - Kingsport 7 |
| TOP OF THE 5TH |
|
Ogden Raptors batting - Pitching for Kingsport Mets : RHP Justin Williams
|
|
Batting: RHB Felipe Rivera
|
0-0: Ball 1-0: Called Strike 1-1: Ball 2-1: Called Strike 2-2: Ball 3-2: Foul Ball, location: 2F 3-2: Strikes out looking
|
|
Batting: RHB Kekoa Kahele
|
0-0: Ball 1-0: Swinging Strike 1-1: Reached on error, E6 (Groundball, 6, EV 86.9 MPH)
|
|
Batting: RHB Jerry Sanchez
|
0-0: Called Strike 0-1: Ball 1-1: Foul Ball, location: 2F 1-2: SINGLE (Groundball, 4M, EV 104.4 MPH) Kekoa Kahele to third Runner from 3rd tries for Home, SAFE, throw by CF to home
|
|
Batting: RHB David Watkins
|
0-0: Ball Jerry Sanchez steals 2nd base 1-0: Ball 2-0: Ground out 5-3 (Groundball, 56, EV 93.1 MPH)
|
|
Batting: RHB Mike Kaczor
|
0-0: Ball 1-0: Called Strike 1-1: Fly out, F8 (Line Drive, 8LM, EV 103.8 MPH)
|
| Top of the 5th over - 1 run, 1 hit, 1 error, 1 left on base; Ogden 6 - Kingsport 7 |
| BOTTOM OF THE 5TH |
|
Kingsport Mets batting - Pitching for Ogden Raptors : LHP Conor Bailey
|
|
Batting: RHB Sam Callahan
|
0-0: Ball 1-0: Foul Ball, location: 2F 1-1: Swinging Strike 1-2: Foul Ball, location: 2F 1-2: Foul Ball, location: 2F 1-2: Fly out, F9 (Flyball, 9LS, EV 95.6 MPH)
|
|
Batting: SHB Tyler Maddux
|
0-0: Called Strike 0-1: Ball 1-1: Ball 2-1: Ground out 1-3 (Groundball, 13S, EV 70.0 MPH)
|
|
Batting: SHB Nick Daigle
|
0-0: Ball 1-0: Ball 2-0: Ball 3-0: Called Strike 3-1: Base on Balls
|
|
Batting: RHB Bill Crogan
|
0-0: Ball 1-0: Ball 2-0: Ball 3-0: Called Strike 3-1: Base on Balls Nick Daigle to second
|
|
Batting: SHB Keith Casner
|
0-0: Ball 1-0: DOUBLE (Line Drive, 89D, EV 108.1 MPH) Nick Daigle scores Bill Crogan to third Runner from 3rd tries for Home, SAFE, throw by CF to home
|
|
Pitching: LHP Brian Gardner
|
|
|
Batting: RHB Chris Artz
|
0-0: Ball 1-0: Ball 2-0: Called Strike 2-1: Fly out, F7 (Flyball, 7S, EV 91.2 MPH)
|
| Bottom of the 5th over - 2 runs, 1 hit, 0 errors, 1 left on base; Ogden 6 - Kingsport 9 |
| TOP OF THE 6TH |
|
Ogden Raptors batting - Pitching for Kingsport Mets : RHP Justin Williams
|
|
Batting: LHB Pedro Garza
|
0-0: Ball 1-0: Called Strike 1-1: Ball 2-1: Ball 3-1: Ground out U3 (Groundball, 34, EV 81.2 MPH)
|
|
Batting: SHB Guy Jerome
|
0-0: Called Strike 0-1: Called Strike 0-2: Ball 1-2: Ball 2-2: Ball 3-2: Fly out, F7 (Flyball, 7D, EV 91.9 MPH)
|
|
Batting: SHB Jason Todd
|
0-0: Foul Ball, location: 2F 0-1: Swinging Strike 0-2: Ball 1-2: Foul Ball, location: 2F 1-2: Ball 2-2: Ball 3-2: Fly out, F9 (Flyball, 89D, EV 85.6 MPH)
|
| Top of the 6th over - 0 runs, 0 hits, 0 errors, 0 left on base; Ogden 6 - Kingsport 9 |
| BOTTOM OF THE 6TH |
|
Kingsport Mets batting - Pitching for Ogden Raptors : LHP Brian Gardner
|
|
Batting: SHB Adonis Jones
|
0-0: Ball 1-0: Called Strike 1-1: Foul Ball, location: 2F 1-2: Foul Ball, location: 2F 1-2: Ball 2-2: Ball 3-2: Base on Balls
|
|
Batting: SHB Josh Thomson
|
0-0: Ball 1-0: Ball 2-0: Ball 3-0: Fielders Choice at 2nd, 4-6 (Groundball, 34, EV 97.5 MPH)
|
|
Batting: RHB Enrique Aguirre
|
0-0: Ball 1-0: Foul Ball, location: 2F 1-1: Swinging Strike 1-2: Grounds into double play, 4-6-3 (Groundball, 4, EV 86.2 MPH)
|
| Bottom of the 6th over - 0 runs, 0 hits, 0 errors, 0 left on base; Ogden 6 - Kingsport 9 |
| TOP OF THE 7TH |
|
Ogden Raptors batting - Pitching for Kingsport Mets : RHP Justin Williams
|
|
Pitching: LHP Tony Diaz
|
|
|
Batting: RHB Alex Diaz
|
0-0: Swinging Strike 0-1: Ball 1-1: Called Strike 1-2: Fly out, F7 (Flyball, 7S, EV 81.9 MPH)
|
|
Batting: RHB Felipe Rivera
|
0-0: Ball 1-0: Foul Ball, location: 2F 1-1: Foul Ball, location: 2F 1-2: Strikes out swinging
|
|
Batting: RHB Kekoa Kahele
|
0-0: Ball 1-0: Foul Ball, location: 2F 1-1: Ball 2-1: Foul Ball, location: 2F 2-2: Ball 3-2: Strikes out swinging
|
| Top of the 7th over - 0 runs, 0 hits, 0 errors, 0 left on base; Ogden 6 - Kingsport 9 |
| BOTTOM OF THE 7TH |
|
Kingsport Mets batting - Pitching for Ogden Raptors : LHP Brian Gardner
|
|
Batting: RHB Sam Callahan
|
0-0: Swinging Strike 0-1: Called Strike 0-2: Strikes out swinging
|
|
Batting: SHB Tyler Maddux
|
0-0: Ball 1-0: Ball 2-0: Ball 3-0: Called Strike 3-1: Swinging Strike 3-2: Foul Ball, location: 2F 3-2: Foul Ball, location: 2F 3-2: Ground out 5-3 (Groundball, 56, EV 96.2 MPH)
|
|
Batting: SHB Nick Daigle
|
0-0: Ball 1-0: Ball 2-0: Foul Ball, location: 2F 2-1: Foul Ball, location: 2F 2-2: Ground out 5-3 (Groundball, 56, EV 84.4 MPH)
|
| Bottom of the 7th over - 0 runs, 0 hits, 0 errors, 0 left on base; Ogden 6 - Kingsport 9 |
| TOP OF THE 8TH |
|
Ogden Raptors batting - Pitching for Kingsport Mets : LHP Tony Diaz
|
|
Batting: RHB Jerry Sanchez
|
0-0: Ball 1-0: Foul Ball, location: 2F 1-1: Ball 2-1: Ground out 6-3 (Groundball, 6, EV 88.1 MPH)
|
|
Batting: RHB David Watkins
|
0-0: Ball 1-0: Ball 2-0: Ground out 4-3 (Groundball, 4, EV 88.1 MPH)
|
|
Batting: RHB Mike Kaczor
|
0-0: Ground out 5-3 (Groundball, 56S, EV 68.1 MPH)
|
| Top of the 8th over - 0 runs, 0 hits, 0 errors, 0 left on base; Ogden 6 - Kingsport 9 |
| BOTTOM OF THE 8TH |
|
Kingsport Mets batting - Pitching for Ogden Raptors : LHP Brian Gardner
|
|
Batting: RHB Bill Crogan
|
0-0: Fly out, F9 (Flyball, 9D, EV 105.6 MPH)
|
|
Batting: SHB Keith Casner
|
0-0: Ball 1-0: Ball 2-0: Fly out, F9 (Flyball, 9S, EV 90.0 MPH)
|
|
Batting: RHB Chris Artz
|
0-0: Swinging Strike 0-1: Called Strike 0-2: Ground out 6-3 (Groundball, 6, EV 81.2 MPH)
|
| Bottom of the 8th over - 0 runs, 0 hits, 0 errors, 0 left on base; Ogden 6 - Kingsport 9 |
| TOP OF THE 9TH |
|
Ogden Raptors batting - Pitching for Kingsport Mets : LHP Tony Diaz
|
|
Pitching: LHP Mike Mathews
|
|
|
Batting: LHB Pedro Garza
|
0-0: Ball 1-0: Foul Ball, location: 2F 1-1: Ball 2-1: Ball 3-1: Base on Balls
|
|
Batting: SHB Guy Jerome
|
0-0: 2-RUN HOME RUN (Flyball, 7D, EV 98.8 MPH), Distance : 383 ft
|
|
Pinch Hitting: RHB Carlos Gonzalez
|
0-0: Ball 1-0: Ground out 6-3 (Groundball, 56, EV 105.0 MPH)
|
|
Pinch Hitting: SHB Javy Franco
|
0-0: Swinging Strike 0-1: Foul Ball, location: 2F 0-2: Strikes out looking
|
|
Batting: RHB Felipe Rivera
|
0-0: Called Strike 0-1: Ball 1-1: Swinging Strike 1-2: Ball 2-2: Foul Ball, location: 2F 2-2: Ground out 6-3 (Groundball, 6, EV 90.6 MPH)
|
| Top of the 9th over - 2 runs, 1 hit, 0 errors, 0 left on base; Ogden 8 - Kingsport 9 |
|